cohdb
Replays
Latest Replays
All Replays
Popular Replays
Top Player Replays
Match Explorer
How It Works
Community
CoH3 Stats
Reddit
Sign in to upload your games and track your stats! →
Sign in with Steam
Match 38262113
Unlisted
Match 38262113
Overview
Messages
Build Orders
End
Selects Australian Defense Battlegroup
Selects Australian Light Infantry Section
Australian Light Infantry Section
Construct Section Command Post
Infantry Section
Australian Light Infantry Section
Construct Platoon Command Post
Humber Armored Car
Infantry Section
Grenade Package
CMP 15cwt Truck
Vickers Machine Gun Team
Construct Company Command Post
Crusader II Medium Tank
Royal Engineer Section
Foot Guards Section
Crusader II Medium Tank
Selects 2-pounder Anti-tank Gun Team
Selects Vehicle Over Repair
Selects CMP 15cwt Supply Run
Selects Reinforced Resource Caches
Crusader II Medium Tank
SneaKerz
gb_gbg
Magrigno
mRk
0
0
Comments
sign in to comment!
No comments posted yet!